 Dungeon Crawl Stone Soup version 0.17.0-24-gcfadda4 (webtiles) character file.

511 Gargoyl the Skirmisher (level 6, 0/50 HPs)
             Began as a Demonspawn Abyssal Knight on Nov 16, 2015.
             Was a Priest of Lugonu.
             Slain by an orc wizard
             ... wielding a +2 dagger of electrocution
              (17 damage)
             ... on level 4 of the Dungeon.
             The game lasted 00:06:58 (3687 turns).

Gargoyl the Skirmisher (Demonspawn Abyssal Knight)  Turns: 3687, Time: 00:06:58

Health: 0/50       AC:  7    Str: 14    XL:     6   Next: 99%
Magic:  8/8        EV:  7    Int: 15    God:    Lugonu [***...]
Gold:   144        SH:  0    Dex: 13    Spells: 0 memorised, 5 levels left

rFire  . . .     SeeInvis .     a - +2 hand axe
rCold  . . .     Clarity  .     d - +0 chain mail
rNeg   . . .     SustAt   .     (no shield)
rPois  .         Gourm    .     (helmet restricted)
rElec  .         Spirit   .     (no cloak)
rCorr  .         Warding  .     h - +0 pair of gloves
rMut   .         Stasis   .     (no boots)
MR     .....                    (no amulet)
Stlth  ..........               (no ring)
                                (no ring)

@: not resistant to hostile enchantments, extremely unstealthy
A: hooves 1, horns 1, rugged brown scales 1, clever 1, deformed body,
nightstalker 1, powered by death 1
a: Depart the Abyss, Bend Space, Banish, Renounce Religion


You were on level 4 of the Dungeon.
You worshipped Lugonu.
Lugonu was most pleased with you.
You were not hungry.

You visited 1 branch of the dungeon, and saw 4 of its levels.
You visited the Abyss 1 time.
You also visited: Sewer.

You collected 144 gold pieces.

Inventory:

Hand Weapons
 a - a +2 hand axe (weapon)
Missiles
 m - 3 tomahawks (quivered)
Armour
 d - a +0 chain mail (worn)
 h - a +0 pair of gloves (worn)
Wands
 e - a wand of flame (6)
 q - a wand of confusion (24)
Scrolls
 b - 3 scrolls of identify
 f - a scroll of teleportation
Comestibles
 i - 3 meat rations
 j - a slice of pizza


   Skills:
 + Level 4.6 Fighting
 + Level 3.0 Axes
 + Level 0.1 Throwing
 + Level 4.2 Armour
 + Level 2.2 Dodging
 + Level 1.1 Stealth
 + Level 3.9 Invocations


You had 5 spell levels left.
You didn't know any spells.

Dungeon Overview and Level Annotations

Branches:
Dungeon (4/15)
 Temple: D:4-7

Altars:
Gozag
Kikubaaqudgha


Innate Abilities, Weirdness & Mutations

You have large cloven feet.
You are partially covered in rugged brown scales (AC +1, +3% HP).
You are slightly more attuned to the shadows.
You regenerate a little health from kills.
You have a pair of small horns on your head.
Your mind is acute. (Int +2)
Armour fits poorly on your strangely shaped body.


Message History

The adder is moderately wounded.
You hit the orc wizard.
The orc wizard is moderately wounded.
You hit the orc.
You kill the orc!
Lugonu accepts your kill.
The orc wizard hits you but does no damage.
The adder bites you but does no damage.
Your chain mail prevents you from hitting the orc wizard.
You kick the orc wizard, but do no damage.
Your headbutt misses the orc wizard.
The orc wizard is moderately wounded.
You hit the adder.
The adder is moderately wounded.
The adder bites you but does no damage.
The orc wizard gestures at you while chanting.
The puff of frost hits you! The adder closely misses you.
The orc wizard hits you but does no damage.
You are electrocuted!
You die...

..... .. .
#...##+###<.
.##...#.....#
.....#.....+
#...#.....#
...##So)#.....#
.....)@.'.....#+
...##...#.......
#...#.......
########...#.......
........#...#.......
........#...'.......
........###'#.......
....<...............
.............#####..


You could see an orc wizard and an adder.

Vanquished Creatures
  The ghost of Gargoyl the Skirmisher, an amateur DsAK of Lugonu (D:3)
  An ogre (D:3)
  A crocodile (Sewer)
  Ijyb (D:2)
  An orc priest (D:3)
  2 orc wizards (D:3)
  2 gnolls (D:1)
  An adder (D:2)
  A worm (D:3)
  A giant gecko (D:1)
  8 orcs
  A giant cockroach (D:2)
  14 hobgoblins
  2 ball pythons (D:3)
  5 bats
  A giant newt (D:2)
  10 goblins
  2 jackals (Sewer)
  11 kobolds
  2 rats
68 creatures vanquished.

Notes
Turn   | Place    | Note
--------------------------------------------------------------
     0 | Abyss:1  | Gargoyl the Demonspawn Abyssal Knight began the quest for the Orb.
     0 | Abyss:1  | Reached XP level 1. HP: 18/18 MP: 2/2
    89 | Abyss:1  | Noticed a rakshasa
    89 | D:1      | Escaped the Abyss
   118 | D:1      | Reached skill level 1 in Dodging
   142 | D:1      | Gained mutation: You have large cloven feet. [demonic ancestry]
   142 | D:1      | Reached XP level 2. HP: 18/24 MP: 4/4
   457 | D:1      | Reached * piety under Lugonu
   933 | D:1      | Reached XP level 3. HP: 26/29 MP: 5/5
  1450 | D:2      | Noticed Ijyb
  1475 | D:2      | Killed Ijyb
  1478 | D:2      | Gained mutation: You are partially covered in rugged brown scales (AC +1, +3% HP). [demonic ancestry]
  1478 | D:2      | Reached XP level 4. HP: 13/38 MP: 6/6
  2031 | D:3      | Found a glowing drain.
  2044 | Sewer    | Entered a sewer
  2233 | Sewer    | Reached ** piety under Lugonu
  2319 | Sewer    | Noticed a crocodile
  2328 | Sewer    | Killed a crocodile
  2328 | Sewer    | Reached skill level 4 in Fighting
  2328 | Sewer    | Reached skill level 1 in Stealth
  2328 | Sewer    | Gained mutation: You regenerate a little health from kills. [demonic ancestry]
  2328 | Sewer    | Reached XP level 5. HP: 22/43 MP: 7/7
  2675 | D:3      | Noticed an ogre
  2691 | D:3      | Killed an ogre
  2691 | D:3      | Gained mutation: You are slightly more attuned to the shadows. [demonic ancestry]
  2691 | D:3      | Reached XP level 6. HP: 36/49 MP: 8/8
  3115 | D:3      | Noticed Gargoyl's ghost (amateur DsAK)
  3134 | D:3      | Gained mutation: Armour fits poorly on your strangely shaped body. [potion of mutation]
  3134 | D:3      | Gained mutation: You have a pair of small horns on your head. [potion of mutation]
  3134 | D:3      | Gained mutation: Your mind is acute. (Int +2) [potion of mutation]
  3146 | D:3      | Killed Gargoyl's ghost
  3383 | D:3      | Found an opulent altar of Gozag.
  3384 | D:3      | Found an ancient bone altar of Kikubaaqudgha.
  3681 | D:4      | Reached *** piety under Lugonu
  3687 | D:4      | Slain by an orc wizard

Action                   |  1- 3 |  4- 6 || total
-------------------------+-------+-------++-------
Melee: Hand axe          |    76 |   170 ||   246
Throw: Tomahawk          |       |     7 ||     7
Invok: Depart the Abyss  |     1 |       ||     1
  Use: Potion            |     7 |     5 ||    12
       Scroll            |       |     7 ||     7
 Stab: Invisible         |     2 |       ||     2
  Eat: Bread ration      |     1 |     2 ||     3
